 Dungeon Crawl Stone Soup version 0.19.5 (webtiles) character file.

566 sankara the Twirler (level 7, -1/60 HPs)
             Began as a Minotaur Gladiator on Mar 14, 2017.
             Slain by Duvessa
             ... wielding a +1 short sword of speed
              (8 damage)
             ... on level 4 of the Dungeon.
             The game lasted 00:07:34 (3393 turns).

sankara the Twirler (Minotaur Gladiator)            Turns: 3393, Time: 00:07:34

Health: -1/60      AC:  9    Str: 19    XL:     7   Next: 10%
Magic:  6/6        EV: 12    Int: 10    God:
Gold:   152        SH:  0    Dex: 13    Spells: 0 memorised, 6 levels left

rFire  . . .     SeeInvis .     a - +0 quarterstaff
rCold  . . .     Gourm    .     B - +0 scale mail
rNeg   . . .     Faith    .     (shield currently unavailable)
rPois  .         Spirit   .     c - +0 hat
rElec  .         Reflect  .     u - +0 cloak
rCorr  .         Harm     .     (no gloves)
MR     .....                    t - +0 pair of boots
Stlth  +.........               (no amulet)
                                (no ring)
                                i - ring of stealth

@: brilliant, flying, hasted, very quick
A: retaliatory headbutt, horns 2
a: no special abilities


You were on level 4 of the Dungeon.
You were not hungry.

You visited 1 branch of the dungeon, and saw 4 of its levels.

You collected 152 gold pieces.

Inventory:

Hand Weapons
 a - a +0 quarterstaff (weapon)
Missiles
 d - 3 throwing nets (quivered)
Armour
 c - a +0 hat (worn)
 t - a +0 pair of boots (worn)
 u - a +0 cloak (worn)
 B - a +0 scale mail (worn)
Jewellery
 e - an uncursed ring of ice
 i - a ring of stealth (left hand)
Wands
 E - a wand of hasting (1/9)
Scrolls
 b - a scroll of magic mapping {unknown}
 j - 6 scrolls of identify
 k - 4 scrolls of remove curse
 n - 3 scrolls of noise {unknown}
 q - a scroll of fog {unknown}
 v - 2 scrolls of random uselessness {unknown}
 w - a scroll of fear {unknown}
 y - a scroll of immolation {unknown}
 D - a scroll of enchant weapon {unknown}
Potions
 m - a potion of curing
 x - a potion of brilliance
 A - 2 potions of heal wounds {unknown}
 C - 2 potions of lignification {unknown}
 F - a potion of invisibility {unknown}
Comestibles
 f - 2 bread rations
 h - 5 fruits
 r - 2 meat rations


   Skills:
 + Level 4.6 Fighting
 * Level 6.9 Staves
 - Level 2.0 Throwing
 + Level 3.4 Armour
 + Level 5.0 Dodging


You had 6 spell levels left.
You didn't know any spells.

Dungeon Overview and Level Annotations

Branches:
Dungeon (4/15)
 Temple: D:4-7

Altars:
Qazlal

Annotations:
D:3 Sagrath01's ghost, amateur DsWn
D:4 Duvessa


Innate Abilities, Weirdness & Mutations

You reflexively headbutt those who attack you in melee.
You have a pair of horns on your head.


Message History

Duvessa hits you but does no damage.
Duvessa hits you with a short sword of speed.
You thump Duvessa!
Duvessa is heavily wounded.
Duvessa hits you with a short sword of speed!
* * * LOW HITPOINT WARNING * * *
Duvessa hits you but does no damage.
You are too injured to fight recklessly!
It was a potion of flight.
You feel very buoyant.
You fly up into the air.
Duvessa hits you with a short sword of speed.
* * * LOW HITPOINT WARNING * * *
It was a potion of brilliance.
You feel clever all of a sudden. Duvessa hits you but does no damage. x2
It was a potion of haste.
You feel yourself speed up. Duvessa completely misses you.
You furiously retaliate!
You headbutt Duvessa.
Duvessa hits you with a short sword of speed!
You die...

##....).........# #
#<...)#.#...#####
#.####..#....##..#
##..........#.##[.#
#........#.....).##
#..###.#.#........#
#. #.###..#.##.##
..........#.#
#.####..#@.#.# #.
#..#)e#.# ..
...)...### ..
###...... .##
#%...... #...>....
..........
##.#.#.#+###


You could see Duvessa (berserk).

Vanquished Creatures
  Edmund (D:4)
  The ghost of Scud the Sneak, an amateur VSAs (D:4)
  A phantom (D:4)
  Dowan (D:4)
  2 orc wizards (D:4)
  A worker ant (D:4)
  5 adders
  An ooze (D:3)
  2 worms (D:2)
  5 dart slugs
  A leopard gecko (D:3)
  3 orcs (D:4)
  3 ball pythons
  5 giant cockroaches
  4 hobgoblins
  2 jackals (D:3)
  5 kobolds
  2 quokkas (D:2)
  9 bats
  5 frilled lizards
  9 goblins
  8 rats
76 creatures vanquished.

Notes
Turn   | Place    | Note
-------+----------+-------------------------------------------
     0 | D:1      | sankara the Minotaur Gladiator began the quest for the Orb.
     0 | D:1      | Reached XP level 1. HP: 18/18 MP: 0/0
   209 | D:1      | Reached XP level 2. HP: 24/25 MP: 1/1
   245 | D:1      | Reached skill level 4 in Staves
   649 | D:1      | Reached XP level 3. HP: 29/30 MP: 2/2
  1106 | D:2      | Reached skill level 1 in Armour
  1135 | D:2      | Noticed an earth elemental
  1165 | D:2      | Found a stormy altar of Qazlal.
  1167 | D:2      | Noticed a fire elemental
  1168 | D:2      | Noticed a water elemental
  1168 | D:2      | Noticed an air elemental
  1480 | D:3      | Reached XP level 4. HP: 37/37 MP: 3/3
  1499 | D:3      | Reached skill level 5 in Staves
  2335 | D:3      | Noticed Sagrath01's ghost (amateur DsWn)
  2844 | D:4      | Reached XP level 5. HP: 39/45 MP: 4/4
  3081 | D:4      | Noticed a phantom
  3100 | D:4      | Killed a phantom
  3100 | D:4      | Reached skill level 6 in Staves
  3100 | D:4      | Reached XP level 6. HP: 34/52 MP: 5/5
  3161 | D:4      | Noticed Scud's ghost (amateur VSAs)
  3165 | D:4      | Noticed Edmund
  3170 | D:4      | Killed Scud's ghost
  3179 | D:4      | Killed Edmund
  3179 | D:4      | Reached XP level 7. HP: 29/60 MP: 6/6
  3378 | D:4      | Noticed Dowan
  3380 | D:4      | Noticed Duvessa
  3384 | D:4      | Killed Dowan
  3384 | D:4      | Reached skill level 5 in Dodging
  3393 | D:4      | Slain by Duvessa

Skill      XL: |  1  2  3  4  5  6  7 |
---------------+----------------------+-----
Staves         | 4 5 6 |  6.9
Armour         | 1 2 3 |  3.4
Dodging        | 4 5 |  5.0
Fighting       | 3 4 |  4.6
Throwing       | |  2.0

Action                   |  1- 3 |  4- 6 |  7- 9 || total
-------------------------+-------+-------+-------++-------
Melee: Quarterstaff      |    77 |    92 |    12 ||   181
       Headbutt          |    11 |    13 |     3 ||    27
Evoke: Wand              |       |     1 |       ||     1
  Use: Potion            |       |     6 |     3 ||     9
       Scroll            |       |     2 |       ||     2
 Stab: Sleeping          |     5 |       |       ||     5
  Eat: Chunk             |     2 |     5 |     1 ||     8
Armor: Leather armour    |    22 |     1 |       ||    23
       Scale mail        |       |    46 |     7 ||    53
Dodge: Dodged            |    43 |    55 |     8 ||   106
